 Dungeon Crawl Stone Soup version 0.30-b1-2-g02819fbbbe (webtiles) character file.

Game seed: 11045531679956173747

429 Fartwhistle the Changer (level 6, -1/76 HPs)
             Began as a Naga Transmuter on June 8, 2023.
             Was an Initiate of Cheibriados.
             Slain by Edmund
             ... wielding a +4 heavy dire flail
              (18 damage)
             ... on level 4 of the Dungeon.
             The game lasted 00:06:51 (3373 turns).

Fartwhistle the Changer (Naga Transmuter)           Turns: 3373, Time: 00:06:51

Health: -1/76      AC: 23    Str: 13    XL:     6   Next: 98%
Magic:  6/11       EV:  1    Int: 17    God:    Cheibriados [......]
Gold:   252        SH:  0    Dex: 12    Spells: 3/12 levels left

rFire   . .          .
                       - Unarmed
rCold   + + .        (no shield)
rNeg    . . .        a - melded +0 robe
rPois   +            (helmet currently unavailable)
rElec   .            g - melded +0 cloak
rCorr   +            (gloves currently unavailable)
SInv    +            (no barding)
Will    +....        (no amulet)
Stlth   +            n - ring "Dise" {rC++ Will+ rCorr}
HPRegen 0.32/turn    (no ring)
MPRegen 0.12/turn

%: no passive effects
@: brilliant, tree-form, wereblooded, studying Axes, very slow
A: stationary, stasis, torment immunity, boosted hp, AC +2, large, see
invisible, (deformed body), (poison resistance), (slowness 2), spit poison 1,
(naga tail 1)
a: Spit Poison, Renounce Religion


You were on level 4 of the Dungeon.
You worshipped Cheibriados.
Cheibriados was noncommittal.
You were a tree.
You visited 1 branch of the dungeon, and saw 4 of its levels.

You collected 252 gold pieces.

Inventory:

Missiles
 h - 4 javelins
 l - 3 silver boomerangs
Armour
 a - a +0 robe (melded)
 g - a +0 cloak (melded)
 q - a +2 kite shield
Jewellery
 n - the ring "Dise" (left branch) {rC++ Will+ rCorr}
   (You found it on level 2 of the Dungeon)

   [ring of willpower]

   rC:        It greatly protects you from cold.
   rCorr:     It protects you from acid and corrosion.
   Will:      It increases your willpower.
 p - a ring of ice
Scrolls
 c - 2 scrolls of identify
 e - a scroll of amnesia {unknown}
 f - a scroll of teleportation {unknown}
 i - a scroll of poison
 m - a scroll of blinking {unknown}
 r - 2 scrolls of enchant weapon {unknown}
 t - a scroll of noise {unknown}
Potions
 d - a potion of brilliance
 j - a potion of cancellation {unknown}
 k - a potion of attraction {unknown}
 s - a potion of curing


   Skills:
 - Level 1.0 Fighting
 - Level 1.5 Dodging
 - Level 3.0 Unarmed Combat
 + Level 3.6 Spellcasting
 + Level 2.2 Conjurations
 * Level 5.3 Transmutations
 + Level 0.5 Air Magic
 - Level 2.0 Poison Magic


You had 3 spell levels left.
You knew the following spells:

 Your Spells              Type           Power      Damage    Failure   Level
a - Beastly Appendage     Tmut           64%        N/A       1%          1
b - Wereblood             Tmut           32%        N/A       2%          2
c - Spider Form           Tmut/Pois      23%        N/A       11%         3
d - Mephitic Cloud        Conj/Pois/Air  12%        N/A       26%         3

Your spell library contained the following spells:

 Spells                   Type           Power      Damage    Failure   Level
 Poisonous Vapours        Pois/Air       22%        N/A       14%         2
 Slow                     Hex            16%        N/A       16%         1
 Confusing Touch          Hex            4%         N/A       43%         3
 Vampiric Draining        Necr           4%         2d6       43%         3
 Ice Form                 Ice/Tmut       18%        N/A       47%         4
 Freezing Cloud           Conj/Ice/Air   4%         6-21      97%         5


Dungeon Overview and Level Annotations

Branches:
Dungeon (4/15)
 Temple: D:4-7

Altars:
Cheibriados
Fedhas
Okawaru
Wu Jian
Yredelemnul

Annotations:
D:4 Edmund


Innate Abilities, Weirdness & Mutations

You are a tree.
Your roots penetrate the ground, keeping you stationary.
You cannot be teleported.
You are immune to unholy pain and torment.
Your maximum health is greatly increased.
Your equipment is partially melded.
((Your serpentine skin is tough. (AC +2)))
You have supernaturally acute eyesight. (SInv)
((Armour fits poorly on your strangely shaped body.))
((Your system is resistant to poisons. (rPois)))
((You cover ground very slowly.))
You can spit poison.
((You have a snake-like lower body.))


Message History

You hit Ijyb but do no damage.
Ijyb is moderately wounded.
Ijyb zaps a wand.
The roots erupt in riotous growth!
The grasping roots grab you!
Ijyb is unaffected.
The grasping roots constrict you.
You smack Ijyb!
Ijyb is almost dead.
Ijyb hits you with a +0 club.
* * * LOW HITPOINT WARNING * * *
The grasping roots constrict you.
You hit Ijyb.
Ijyb is almost dead.
Ijyb hits you with a +0 club.
* * * LOW HITPOINT WARNING * * *
The grasping roots constrict you.
Casting: Spider Form (dangerous; 11% risk of failure)
Confirm with . or Enter, or press ? or * to list all spells.
You feel a surge of power!
Your blood is infused with primal strength.
Ijyb hits you but does no damage. The grasping roots constrict you.
You barely miss Ijyb.
Ijyb is almost dead.
Ijyb hits you but does no damage. The grasping roots constrict you.
The grasping roots release their grip on you.
You hit Ijyb.
You feel a bit better.
You kill Ijyb!
Cheibriados appreciates the change of pace.
You smack Edmund!
Edmund is moderately wounded.
Edmund hits you with a +4 heavy dire flail.
* * * LOW HITPOINT WARNING * * *
You hit Edmund.
Edmund is moderately wounded.
You hit Edmund.
Edmund is moderately wounded.
Edmund hits you but does no damage.
You hit Edmund.
Edmund is heavily wounded.
Edmund hits you with a +4 heavy dire flail!!
You die...

#. [.# .w. ..# .
.§# @°§ #.# #.# ..
..° ..○#°.. #.# .##
#§# O#°#.# ####.##
... .§°§.☼§.#
#.#...#
#..##.###.##☼#.#.#
#..†..
#.........)Ow....#
....#...# #..
###.###@##.#.# M
##<##
#..####.###♣##.
#...
#...§☼☼§☼.°☼..§§.☼○
####
#...☼#.§○°§°○##°.##
####○.○####☼#§. #
##○## #§##°
####.#####§# .#
#........○°# #
#.##.####### #.##.#


You could see Edmund, an ogre and a worm.

Vanquished Creatures
  Menkaure (D:4)
  Blork the orc (D:4)
  An orc priest (D:4)
  Jessica (D:2)
  Terence (D:3)
  2 iguanas
  Ijyb (D:4)
  Robin (D:3)
  2 ufetubi (D:4)
  2 dart slugs
  An orc (D:4)
  A bat (D:1)
  5 endoplasms
  2 giant cockroaches (D:1)
  10 goblins
  6 hobgoblins
  6 jackals
  A quokka (D:1)
  2 ball pythons
  A frilled lizard (D:1)
  6 kobolds
  4 rats
58 creatures vanquished.

Vanquished Creatures (others)
  A plant (D:4)
1 creature vanquished.

Grand Total: 59 creatures vanquished

Notes
Turn   | Place    | Note
-------+----------+-------------------------------------------
     0 | D:1      | Fartwhistle the Naga Transmuter began the quest for the
                  | Orb.
     0 | D:1      | Reached XP level 1. HP: 18/18 MP: 3/3
   389 | D:1      | Reached XP level 2. HP: 19/25 MP: 5/5
   571 | D:1      | Learned a level 2 spell: Wereblood
   821 | D:1      | Reached skill level 3 in Transmutations
   821 | D:1      | Reached XP level 3. HP: 26/31 MP: 4/6
  1391 | D:2      | Identified the ring "Dise" {rC++ Will+ rCorr}
  1490 | D:2      | Noticed Jessica
  1492 | D:2      | Killed Jessica
  1493 | D:2      | Reached XP level 4. HP: 38/38 MP: 6/8
  1613 | D:2      | Learned a level 3 spell: Spider Form
  1699 | D:3      | Noticed Terence
  1709 | D:3      | Killed Terence
  1789 | D:3      | Found an iron altar of Okawaru.
  1823 | D:3      | Noticed Robin
  1832 | D:3      | Killed Robin
  1833 | D:3      | Reached skill level 4 in Transmutations
  1833 | D:3      | Reached skill level 1 in Poison Magic
  2417 | D:3      | Found an ornate altar of the Wu Jian Council.
  2505 | D:3      | Reached XP level 5. HP: 44/44 MP: 5/9
  2556 | D:3      | Found a basalt altar of Yredelemnul.
  2655 | D:3      | Learned a level 3 spell: Mephitic Cloud
  2696 | D:4      | Noticed Menkaure
  2860 | D:4      | Found a snail-covered altar of Cheibriados.
  2884 | D:4      | Became a worshipper of Cheibriados the Contemplative
  2910 | D:4      | Found a blossoming altar of Fedhas.
  2979 | D:4      | Noticed Blork the orc
  2993 | D:4      | Killed Blork the orc
  2994 | D:4      | Reached skill level 1 in Conjurations
  2994 | D:4      | Reached XP level 6. HP: 33/51 MP: 4/10
  3269 | D:4      | Killed Menkaure
  3270 | D:4      | Reached skill level 5 in Transmutations
  3350 | D:4      | Noticed Ijyb
  3358 | D:4      | Noticed Edmund
  3369 | D:4      | Killed Ijyb
  3373 | D:4      | Slain by Edmund

Illustrated notes

Levels and vault maps discovered:
D:1:      elethiomel_arrival_maze, layout_basic
D:2:      layout_rooms, uniq_jessica
D:3:      layout_loops_corners, mainiacjoe_overflow_big_doors,
          general_overflow_altar, uniq_robin, uniq_terence
D:4:      layout_loops_ring, mainiacjoe_overflow_six_doors_small,
          fedhas_ov_isle_minmay, minmay_diced_spiral, uniq_blork_the_orc,
          uniq_ijyb, uniq_menkaure, uniq_edmund

Skill      XL: |  1  2  3  4  5  6 |
---------------+-------------------+-----
Transmutations | 3 4 5 |  5.3
Poison Magic   | 1 2 |  2.0
Spellcasting   | 3 |  3.6
Conjurations   | 1 2 |  2.2
Fighting       | |  1.0
Dodging        | |  1.5
Unarmed Combat | |  3.0
Air Magic      | |  0.5

Action                     |  1- 3 |  4- 6 || total
---------------------------+-------+-------++-------
  Melee: Unarmed           |    93 |    98 ||   191
         Punch             |     5 |       ||     5
         Headbutt          |     7 |       ||     7
  Throw: Boomerang         |       |     4 ||     4
         Javelin           |       |     2 ||     2
   Cast: Beastly Appendage |     9 |       ||     9
         Spider Form       |       |     9 ||     9
         Wereblood         |       |     2 ||     2
Ability: Spit Poison       |     2 |     5 ||     7
    Use: Scroll            |       |     2 ||     2
         Potion            |       |     2 ||     2
   Stab: Sleeping          |     1 |       ||     1
 Armour: Robe              |    21 |    16 ||    37
         Skin              |       |     9 ||     9
  Dodge: Dodged            |    49 |    53 ||   102
